 Dungeon Crawl Stone Soup version 0.20.1-1-g8b1a95d (webtiles) character file.

95627 dohliylev the Bewitcher (level 15, -14/105 HPs)
             Began as a Vampire Enchanter on Dec 20, 2017.
             Was the Champion of Makhleb.
             Killed from afar by a tengu reaver (35 damage)
             ... with a bolt of acid
             ... on level 15 of the Dungeon.
             The game lasted 03:13:35 (33403 turns).

dohliylev the Bewitcher (Vampire Enchanter)        Turns: 33403, Time: 03:13:36

Health: -14/105    AC:  0    Str:  7    XL:     15   Next: 66%
Magic:  0/25       EV: 36    Int: 22    God:    Makhleb [******]
Gold:   806        SH:  0    Dex: 22    Spells: 6/28 levels left

rFire    . . .     SeeInvis +   (weapon currently unavailable)
rCold    + . .     Gourm    .   (shield currently unavailable)
rNeg     + + .     Faith    .   (armour currently unavailable)
rPois    +         Spirit   +   (helmet currently unavailable)
rElec    .         Reflect  .   (cloak currently unavailable)
rCorr    .         Harm     .   (gloves currently unavailable)
MR       +....                  (boots currently unavailable)
Stlth    +++++++++.             g - amulet of guardian spirit
Regen    0.2/turn               (ring currently unavailable)
MPRegen  0.2/turn               (ring currently unavailable)

@: bat-form, flying, regenerating slowly, very quick
A: fangs 3, see invisible
a: End Transformation, Minor Destruction, Lesser Servant of Makhleb, Major
Destruction, Greater Servant of Makhleb, Renounce Religion


You were on level 15 of the Dungeon.
You worshipped Makhleb.
Makhleb was exalted by your worship.
You were thirsty.
You were in vampire-bat-form.
You visited 4 branches of the dungeon, and saw 24 of its levels.
You also visited: Ice Cave.

You collected 2247 gold pieces.
You spent 1441 gold pieces at shops.

Inventory:

Hand Weapons
 a - a +2 dagger of venom
 b - a +1 dagger of protection (melded)
Armour
 f - a +0 buckler (melded)
 i - the +5 robe of Akhauper (melded) {Dex+5}
   (You bought it in a shop on level 12 of the Dungeon)

   It affects your dexterity (+5).
 n - a +0 pair of boots (melded)
 q - a scarf of resistance (melded)
 r - a +0 helmet (melded)
 v - a +1 robe of cold resistance
 z - a +0 pair of gloves (melded)
 V - a +0 robe of fire resistance
 X - a +1 robe of positive energy
 Y - a +2 robe of magic resistance
Magical Staves
 u - an uncursed staff of power
Jewellery
 g - an amulet of guardian spirit (around neck)
 s - a ring of ice (melded)
 x - a ring of magical power (melded)
 E - a +3 amulet of reflection
 N - a +5 ring of slaying
 P - an uncursed ring of poison resistance
 T - an uncursed ring of fire
Wands
 D - a wand of enslavement (17/24)
Scrolls
 c - a scroll of silence
 e - 13 scrolls of teleportation
 w - 7 scrolls of enchant weapon
 y - 5 scrolls of recharging
 A - a scroll of fog
 B - 2 scrolls of brand weapon
 C - 2 scrolls of fear
 H - a scroll of torment {unknown}
 K - 3 scrolls of amnesia
 L - 5 scrolls of enchant armour
 Q - 2 scrolls of vulnerability {unknown}
 W - 7 scrolls of remove curse
 Z - a scroll of blinking {unknown}
Potions
 d - 19 potions of blood
 h - 2 potions of brilliance {unknown}
 j - 8 potions of flight
 k - 10 potions of heal wounds
 l - 3 potions of cancellation {unknown}
 m - 3 potions of ambrosia
 p - 3 potions of curing
 t - 2 potions of magic {unknown}
 F - 4 potions of resistance
 G - a potion of haste {unknown}
 I - a potion of agility
 J - a potion of invisibility {unknown}
 M - a potion of berserk rage {unknown}
 O - 4 potions of might {unknown}
Books
 o - a book of Party Tricks

   Spells                             Type                      Level
   a - Summon Butterflies             Summoning                    1
   b - Apportation                    Translocation                1
   c - Lesser Beckoning               Translocation                3
   d - Tukima's Dance                 Hexes                        3
   e - Alistair's Intoxication        Transmutation/Poison         5
   f - Invisibility                   Hexes                        6
 R - a Fen Folio

   Spells                             Type                      Level
   a - Corpse Rot                     Necromancy                   2
   b - Stone Arrow                    Conjuration/Earth            3
   c - Leda's Liquefaction            Hexes/Earth                  4
   d - Summon Forest                  Summoning/Translocation      5
   e - Hydra Form                     Transmutation                6
   f - Summon Hydra                   Summoning                    7
 S - a book of Enchantments

   Spells                             Type                      Level
   a - Cause Fear                     Hexes                        4
   b - Yara's Violent Unravelling     Hexes/Transmutation          5
   c - Silence                        Hexes/Air                    5
   d - Deflect Missiles               Charms/Air                   6
   e - Discord                        Hexes                        8
 U - a book of Transfigurations

   Spells                             Type                      Level
   a - Irradiate                      Conjuration/Transmutation    5
   b - Statue Form                    Transmutation/Earth          6
   c - Hydra Form                     Transmutation                6
   d - Dragon Form                    Transmutation                7


   Skills:
 - Level 6.0 Fighting
 - Level 10.0(10.1) Short Blades
   Level 1.0(5.8) Long Blades
 - Level 15.0 Dodging
 - Level 16.1 Stealth
 - Level 4.0 Shields
 - Level 7.2 Spellcasting
 + Level 18.6 Hexes
 - Level 10.0 Invocations
 - Level 1.0 Evocations


You had 6 spell levels left.
You knew the following spells:

 Your Spells              Type           Power        Failure   Level  Hunger
b - Ensorcelled Hibernat  Hex/Ice        #####.       1%          2    None
c - Confuse               Hex            ######..     0%          3    None
d - Blink                 Tloc           N/A          12%         2    None
e - Mephitic Cloud        Conj/Pois/Air  #.......     24%         3    None
f - Regeneration          Chrm/Necr      #.........   24%         3    None
g - Spectral Weapon       Hex/Chrm       #####...     1%          3    None
h - Invisibility          Hex            ######..     1%          6    ######.


Dungeon Overview and Level Annotations

Branches:
Dungeon (15/15)            Temple (1/1) D:7            Lair (6/6) D:9
  Swamp (0/4) Lair:4        Snake (0/4) Lair:2        Slime (0/5) Lair:6
    Orc (2/2) D:9             Elf (0/3) Orc:2        Vaults (0/5) D:13
 Depths (0/5) D:15

Altars:
Ashenzari
Dithmenos
Elyvilon
Fedhas
Gozag
Hepliaklqana
Makhleb
Nemelex Xobeh
Okawaru
Qazlal
Ru
Sif Muna
Trog
Uskayaw
Xom
Yredelemnul
Zin
The Shining One
Beogh
Jiyva

Shops:
D:8 *   D:9 :   D:12 ?*   Orc:2 !%%(:

Portals:
Pandemonium: Orc:2
Trove: D:11 (give +7 demon trident)

Annotations:
Lair:3 exclusion: oklob plant


Innate Abilities, Weirdness & Mutations

You heal slowly.
You have razor-sharp teeth.
You have supernaturally acute eyesight. (SInv)
((You can survive without breathing.))


Message History

Your +0 helmet melds into your body.
Your +0 pair of gloves melds into your body.
Your +0 pair of boots melds into your body.
Your +0 buckler melds into your body.
The +5 robe of Akhauper {Dex+5} melds into your body.
Your ring of magical power melds into your body.
Your ring of ice melds into your body.
Your +1 dagger of protection goes still.
You feel hot and cold all over.
You feel your magic capacity decrease.
The deep troll earth mage gestures at the flayed ghost while chanting.
The door shatters!
The blast of rock fragments hits you!
A flayed ghost opens the door.
The tengu reaver hits you with a long sword of draining!
The tengu reaver pecks you! The tengu reaver misses you.
The deep troll earth mage gestures at the flayed ghost while chanting.
The door shatters!
The blast of rock fragments hits you!
* * * LOW HITPOINT WARNING * * *
The tengu reaver gestures at you while chanting.
The bolt of acid hits you!
You die...

..........#..#####'#..#
..........#..#.....#..#
.....######..#.<...#..#
.....#.......#.....#..#
.....#.......#.....#..#
.....#.......#...*.#..#
.....#.......#.[...# .#
.....#.......#.....#..###
.....###.....#..b..Q'''''
.......#.....##.''WH'++++
.......'......#.'+Q'D''+
.......#......#.'+ClT..+
.......#......#.'++TTH.+
.......#......#.'+


DDs.+ .......#......##'+ DY..+ .......#........'+ +++++ .......#........' You
could see 3 storm dragons, a fire giant, 2 sphinxes, 2 tengu reavers, a
catoblepas, a flayed ghost, a deep troll, 2 deep troll earth magi, a komodo
dragon, a redback and a battlesphere.

Vanquished Creatures
  Roxanne (D:15)
  A frost giant (IceCv)
  Nessos (Lair:4)
  A fire dragon (D:15)
  A yaktaur captain (D:15)
  Fannar (D:12)
  3 hydras
  The ghost of Agrougrou the Cleaver, a journeyman DsFi of Okawaru (D:12)
  A catoblepas (Lair:6)
  7 centaur warriors
  5 two-headed ogres
  8 orc high priests (Orc:2)
  A sea snake (Lair:6)
  2 unseen horrors
  2 torturous demonspawn (Orc:2)
  An infernal demonspawn (Orc:2)
  A harpy (Lair:6)
  Pikel (D:4)
  A wizard (D:13)
  A wolf spider zombie (D:14)
  5 orc knights
  3 orc sorcerers (Orc:2)
  2 deep elf magi
  An oklob plant (Lair:3)
  4 cyclopes
  16 ugly things
  2 elephants (Lair:6)
  A manticore (D:15)
  2 gargoyles
  The ghost of TBriggs11TB the Skirmisher, a novice DsGl of Makhleb (D:5)
  2 ice statues (IceCv)
  2 orange demons (Orc:2)
  6 black mambas
  14 spiny frogs
  A yaktaur (D:15)
  An efreet (D:13)
  9 rime drakes
  13 komodo dragons
  2 kobold demonologists (D:15)
  A tengu conjurer (D:15)
  6 trolls
  13 polar bears
  3 hornets
  20 blink frogs
  16 hippogriffs
  12 slime creatures
  2 centaur simulacra (D:14)
  3 wyverns
  42 yaks
  A ynoxinul (Orc:2)
  A basilisk (D:9)
  A wraith (D:10)
  2 hungry ghosts
  3 vampire mosquitoes (Lair:4)
  2 chaos spawn (Orc:2)
  A neqoxec (Orc:2)
  A redback simulacrum (D:15)
  Edmund (D:6)
  A naga (Lair:2)
  3 acid dragons
  9 porcupines
  14 water moccasins
  3 ice beasts
  5 sky beasts
  3 slaves
  13 ogres
  3 black bears
  26 orc warriors
  22 wolves
  A necrophage (D:8)
  2 phantoms
  3 boggarts (D:14)
  7 centaurs
  14 crocodiles
  A crocodile (shapeshifter) (D:15)
  2 big kobolds
  18 bullfrogs
  A wyvern zombie (D:9)
  7 scorpions
  2 troll zombies (D:9)
  A water moccasin skeleton (D:10)
  4 killer bees (D:11)
  A howler monkey (D:13)
  5 wights
  2 bullfrog zombies
  2 electric eels (Lair:1)
  7 crimson imps
  6 jellies
  2 centaur zombies
  4 hounds
  Crazy Yiuf (D:2)
  26 orc priests
  23 orc wizards
  5 bullfrog skeletons
  5 centaur skeletons
  Terence (D:3)
  6 iguanas
  14 worker ants
  6 ogre zombies (D:9)
  2 hound zombies
  2 hound skeletons
  A howler monkey zombie (D:9)
  Robin (D:4)
  A howler monkey skeleton (D:8)
  12 adders
  A gnoll (D:5)
  6 river rats (D:6)
  3 shadow imps
  2 oozes
  An adder zombie (D:5)
  An adder skeleton (D:9)
  2 worms
  5 dart slugs
  5 leopard geckos
  83 orcs
  2 ball pythons
  7 bats
  4 giant cockroaches
  20 goblins
  11 hobgoblins
  26 jackals
  13 quokkas
  9 frilled lizards
  A goblin skeleton (D:9)
  3 goblin zombies (D:9)
  A hobgoblin zombie (D:9)
  14 kobolds
  2 orc skeletons (D:9)
  18 orc zombies (D:9)
  22 rats
  A plant (Lair:6)
  A spectral weapon (Orc:1)
823 creatures vanquished.

Vanquished Creatures (collateral kills)
  A dire elephant (Lair:6)
  Erica (Orc:1)
  A merfolk avatar (Lair:6)
  A catoblepas (Lair:5)
  An orc knight (Orc:1)
  A spiny frog (Lair:6)
  A polar bear (IceCv)
  A hornet (Lair:4)
  A spriggan (Lair:4)
  2 wargs (Orc:1)
  An ogre (Orc:1)
  3 wolves (Lair:6)
  4 orc wizards (Orc:1)
  6 orcs (Orc:1)
  A spectral weapon (Orc:2)
26 creatures vanquished.

Vanquished Creatures (others)
  6 fungi
  2 plants (Lair:6)
  A spectral weapon (D:11)
9 creatures vanquished.

Grand Total: 858 creatures vanquished

Notes
Turn   | Place    | Note
-------+----------+-------------------------------------------
     0 | D:1      | dohliylev the Vampire Enchanter began the quest for the Orb.
     0 | D:1      | Reached XP level 1. HP: 13/13 MP: 3/3
   121 | D:1      | Reached skill level 5 in Stealth
   183 | D:1      | Reached XP level 2. HP: 17/19 MP: 3/5
   323 | D:1      | Learned a level 2 spell: Ensorcelled Hibernation
   592 | D:1      | Reached XP level 3. HP: 24/24 MP: 6/6
   987 | D:1      | Reached skill level 1 in Shields
  1519 | D:2      | Noticed Terence
  1897 | D:2      | Reached XP level 4. HP: 30/30 MP: 4/7
  2235 | D:3      | Killed Terence
  2533 | D:2      | Found a sparkling altar of Nemelex Xobeh.
  2688 | D:2      | Found a runed door.
  3134 | D:1      | Reached XP level 5. HP: 34/35 MP: 5/8
  3518 | D:2      | Noticed Crazy Yiuf
  3522 | D:2      | Killed Crazy Yiuf
  4137 | D:3      | Learned a level 3 spell: Confuse
  4639 | D:3      | Noticed a centaur
  4722 | D:3      | Killed a centaur
  4722 | D:3      | Reached XP level 6. HP: 32/41 MP: 0/9
  5031 | D:4      | Noticed Robin
  5962 | D:4      | Learned a level 2 spell: Blink
  5966 | D:4      | Learned a level 3 spell: Mephitic Cloud
  6174 | D:4      | Reached XP level 7. HP: 46/46 MP: 3/12
  6470 | D:5      | Entered Level 5 of the Dungeon
  6770 | D:4      | Noticed Pikel
  6848 | D:4      | Killed Robin
  6934 | D:4      | Killed Pikel
  6934 | D:4      | Reached XP level 8. HP: 40/52 MP: 8/18
  7221 | D:5      | Noticed TBriggs11TB's ghost (novice DsGl)
  8919 | D:5      | Killed TBriggs11TB's ghost
  8919 | D:5      | Reached skill level 1 in Evocations
  9214 | D:6      | Reached XP level 9. HP: 57/57 MP: 2/19
  9256 | D:6      | Found a glowing silver altar of Zin.
  9712 | D:6      | Noticed Edmund
  9719 | D:6      | Killed Edmund
  9723 | D:6      | Reached skill level 1 in Fighting
 10761 | D:7      | Found a staircase to the Ecumenical Temple.
 10769 | Temple   | Entered the Ecumenical Temple
 10921 | Temple   | Became a worshipper of Makhleb the Destroyer
 10958 | D:7      | Reached skill level 5 in Fighting
 11183 | D:7      | Reached skill level 1 in Invocations
 11518 | D:8      | Noticed a two-headed ogre
 11741 | D:8      | Killed a two-headed ogre
 11741 | D:8      | Reached XP level 10. HP: 74/74 MP: 20/20
 11774 | D:8      | Reached * piety under Makhleb
 11775 | D:8      | Found Ziduva's Assorted Antiques.
 11970 | D:8      | Reached skill level 5 in Invocations
 12182 | D:8      | Found a sacrificial altar of Ru.
 12182 | D:8      | Found a glowing golden altar of the Shining One.
 12746 | D:9      | Got a translucent falchion
 12747 | D:9      | Identified the +1 falchion "Qobloez" {slice, rN++} (You found it on level 9 of the Dungeon)
 13242 | D:9      | Reached skill level 10 in Stealth
 13246 | D:9      | Found a staircase to the Lair.
 13674 | D:9      | Reached ** piety under Makhleb
 13699 | D:9      | Learned a level 3 spell: Regeneration
 13717 | D:9      | Learned a level 3 spell: Spectral Weapon
 13983 | D:9      | Reached skill level 1 in Long Blades
 14021 | D:9      | Noticed a two-headed ogre
 14022 | D:9      | Found a staircase to the Orcish Mines.
 14052 | D:9      | Killed a two-headed ogre
 14181 | D:9      | Reached XP level 11. HP: 80/80 MP: 21/21
 14202 | D:9      | Found Bigiumeprod's Book Emporium.
 14205 | D:9      | Bought a book of Party Tricks for 600 gold pieces
 14217 | D:9      | Learned a level 6 spell: Invisibility
 14384 | D:9      | Reached *** piety under Makhleb
 14473 | Lair:1   | Entered Level 1 of the Lair of Beasts
 14623 | Lair:1   | Reached skill level 5 in Dodging
 15557 | Lair:2   | Found a staircase to the Snake Pit.
 16137 | Lair:2   | Reached skill level 10 in Dodging
 17371 | Lair:3   | Noticed an oklob plant
 17516 | Lair:3   | Reached XP level 12. HP: 82/86 MP: 17/22
 17522 | Lair:3   | Found a frozen archway.
 17659 | IceCv    | Entered an ice cave
 17802 | IceCv    | Reached skill level 5 in Hexes
 17808 | IceCv    | Reached **** piety under Makhleb
 17831 | IceCv    | Reached skill level 6 in Hexes
 17853 | IceCv    | Reached skill level 7 in Hexes
 18268 | IceCv    | Reached skill level 8 in Hexes
 18328 | IceCv    | Reached skill level 9 in Hexes
 18788 | IceCv    | Reached skill level 10 in Hexes
 18908 | IceCv    | Noticed a frost giant
 19048 | IceCv    | Killed a frost giant
 19048 | IceCv    | Reached skill level 11 in Hexes
 19523 | Lair:3   | Reached skill level 12 in Hexes
 19683 | Lair:3   | Reached skill level 13 in Hexes
 20147 | Lair:4   | Found a staircase to the Swamp.
 20359 | Lair:4   | Reached ***** piety under Makhleb
 20560 | Lair:4   | Reached XP level 13. HP: 78/92 MP: 5/23
 20901 | Lair:4   | Noticed Nessos
 20915 | Lair:4   | Killed Nessos
 20915 | Lair:4   | Reached skill level 15 in Stealth
 22398 | Lair:6   | Entered Level 6 of the Lair of Beasts
 22646 | Lair:6   | Found a viscous altar of Jiyva.
 22646 | Lair:6   | Found a staircase to the Slime Pits.
 23528 | Lair:6   | Noticed a dire elephant
 24149 | Lair:6   | Killed a dire elephant
 24345 | Lair:5   | Reached skill level 15 in Dodging
 24479 | Orc:1    | Entered Level 1 of the Orcish Mines
 24512 | Orc:1    | Reached XP level 14. HP: 68/98 MP: 4/24
 24665 | Orc:1    | Noticed Erica
 24707 | Orc:1    | Killed Erica
 25005 | Orc:2    | Entered Level 2 of the Orcish Mines
 25153 | Orc:2    | Found a staircase to the Elven Halls.
 25212 | Orc:2    | Found Fuwneowu's Distillery.
 25410 | Orc:2    | Found a roughly hewn altar of Beogh.
 25630 | Orc:2    | Found Woadamau's Food Shop.
 25648 | Orc:2    | Found Gaxiesom's Food Boutique.
 26356 | Orc:2    | Reached skill level 10 in Short Blades
 27154 | Orc:2    | Found Ruywk's Book Emporium.
 27154 | Orc:2    | Found a one-way gate leading to the halls of Pandemonium.
 27154 | Orc:2    | Found Komudicil's Antique Weapon Shoppe.
 27222 | Orc:2    | Bought a book of Enchantments for 650 gold pieces
 27685 | D:10     | Entered Level 10 of the Dungeon
 28116 | D:11     | Found a portal to a secret trove of treasure.
 28661 | D:11     | Got an iridescent trident
 28662 | D:11     | Identified the +0 trident "Qacyuffe" {pierce, +Rage MP-9 Dex+4} (You found it on level 11 of the Dungeon)
 29024 | D:11     | Found a glowing silver altar of Zin.
 29172 | D:12     | Noticed Fannar
 29195 | D:12     | Killed Fannar
 29195 | D:12     | Reached skill level 10 in Invocations
 29263 | D:12     | Noticed Agrougrou's ghost (journeyman DsFi)
 29466 | D:12     | Reached ****** piety under Makhleb
 29587 | D:12     | Killed Agrougrou's ghost
 29816 | D:12     | Found Kubress's Magic Scroll Shop.
 29821 | D:12     | Found Feetyze's Assorted Antiques.
 29824 | D:12     | Bought a scroll of identify for 24 gold pieces
 29831 | D:12     | Bought an opalescent robe for 142 gold pieces
 29831 | D:12     | Bought a scroll labeled PIASIST IGOT for 25 gold pieces
 29841 | D:12     | Identified the +5 robe of Akhauper {Dex+5} (You bought it in a shop on level 12 of the Dungeon)
 29942 | D:12     | Reached skill level 14 in Hexes
 30343 | D:13     | Reached XP level 15. HP: 105/105 MP: 25/25
 30629 | D:13     | Found a gate to the Vaults.
 30772 | D:14     | Found a shattered altar of Ashenzari.
 30805 | D:14     | Reached skill level 15 in Hexes
 31499 | D:14     | Reached skill level 16 in Hexes
 31962 | D:15     | Entered Level 15 of the Dungeon
 32277 | D:15     | Found a staircase to the Depths.
 32280 | D:15     | Reached skill level 17 in Hexes
 32527 | D:15     | Found a huge runed gate.
 33006 | D:15     | Reached skill level 18 in Hexes
 33066 | D:15     | Noticed Roxanne
 33077 | D:15     | Killed Roxanne
 33108 | D:15     | Found a huge runed gate.
 33108 | D:15     | Found a huge runed gate.
 33108 | D:15     | Found a huge runed gate.
 33108 | D:15     | Found a huge runed gate.
 33356 | D:15     | Found a huge runed gate.
 33360 | D:15     | Found a huge runed gate.
 33361 | D:15     | Found a huge runed gate.
 33398 | D:15     | Noticed a tengu reaver
 33398 | D:15     | Noticed a sphinx
 33398 | D:15     | Noticed a storm dragon
 33398 | D:15     | Noticed a storm dragon
 33398 | D:15     | Noticed a fire giant
 33398 | D:15     | Noticed a sphinx
 33399 | D:15     | Noticed a tengu reaver
 33399 | D:15     | Noticed a storm dragon
 33403 | D:15     | Killed from afar by a tengu reaver

Skill      XL: |  1  2  3  4  5  6  7  8  9 10 11 12 13 14 15 |
---------------+----------------------------------------------+-----
Stealth        | 5 6 7 8 12 14 16 | 16.1
Shields        | 2 3 4 |  4.0
Spellcasting   | 3 6 7 |  7.2
Short Blades   | 6 8 10 | 10.0
Evocations     | 1 |  1.0
Fighting       | 5 6 |  6.0
Invocations    | 4 6 10 | 10.0
Long Blades    | 1 |  1.0
Dodging        | 4 11 12 15 | 15.0
Hexes          | 13 14 18 | 18.6

Action                   |  1- 3 |  4- 6 |  7- 9 | 10-12 | 13-15 || total
-------------------------+-------+-------+-------+-------+-------++-------
Melee: Dagger            |   109 |   240 |   487 |   630 |   842 ||  2308
       Bite              |    12 |    16 |    49 |    65 |    78 ||   220
       Unarmed           |       |       |       |       |     1 ||     1
 Cast: Corona            |     9 |     3 |    10 |     5 |     3 ||    30
       Ensorcelled Hiber |    24 |   122 |   107 |   231 |   368 ||   852
       Confuse           |       |     5 |    32 |   101 |    98 ||   236
       Regeneration      |       |       |       |     1 |     6 ||     7
       Mephitic Cloud    |       |       |       |     4 |    10 ||    14
       Blink             |       |       |       |       |     5 ||     5
       Spectral Weapon   |       |       |       |       |    15 ||    15
       Invisibility      |       |       |       |       |     6 ||     6
Invok: Minor Destruction |       |       |       |   205 |   333 ||   538
       Lesser Servant of |       |       |       |     1 |    18 ||    19
 Abil: Bat Form          |       |     2 |     2 |     6 |    10 ||    20
       End Transformatio |       |     2 |     2 |     6 |     9 ||    19
Evoke: Wand              |       |       |     3 |     3 |       ||     6
  Use: Potion            |     1 |     9 |     2 |     8 |     3 ||    23
       Scroll            |       |     4 |     9 |     5 |     7 ||    25
 Stab: Sleeping          |    16 |    61 |    61 |   111 |   250 ||   499
       Distracted        |       |     1 |     2 |     3 |     5 ||    11
       Confused          |       |     3 |    16 |    47 |    49 ||   115
       Invisible         |       |       |       |       |    18 ||    18
  Eat: Corpse            |     6 |    12 |    19 |    14 |    35 ||    86
Armor: Robe              |    15 |    72 |    60 |    75 |    69 ||   291
       Skin              |       |       |       |       |     9 ||     9
Dodge: Dodged            |    55 |   192 |   146 |   348 |   590 ||  1331
Block: Buckler           |    12 |    62 |    57 |   136 |   126 ||   393
       Reflection        |       |       |       |       |     1 ||     1
